[Event "Early Titled Tuesday Blitz | February 8 2022"]
[White "Lopez Mulet, Inigo"]
[Black "Popadic, Dragan"]
[WhiteFideId "22235620"]
[BlackFideId "913650"]
[WhiteElo "2315"]
[BlackElo "2199"]
[Result "0-1"]
[Round "05"]
[TimeControl "180+1"]
[Date "2022.02.08"]
[WhiteClock "0:00:31"]
[BlackClock "0:00:06"]

1. d4 Nf6 2. Nc3 d5 3. Bg5 c5 4. e3 cxd4 5. exd4 Nc6 6. Nf3 Bg4 7. Bxf6 gxf6 8. Be2 e6 9. h3 Bh5 10. a3 Rc8 11. Qd2 Qb6 12. Na4 Qc7 13. O-O Rg8 14. Kh1 Bd6 15. Rae1 Ne7 16. Nc3 a6 17. Nh4 Bf4 18. Qd3 Bg6 19. Nxg6 hxg6 20. Bf3 Kf8 21. Ne2 Bd6 22. Rc1 Bf4 23. Nxf4 Qxf4 24. c4 Kg7 25. Rc3 dxc4 26. Rxc4 Rxc4 27. Qxc4 b5 28. Qc5 Nf5 29. Rd1 Rd8 30. d5 exd5 31. Rxd5 Rxd5 32. Bxd5 Qe5 33. b4 Qa1+ 34. Kh2 Qxa3 35. g4 Nh6 36. Qd4 Qc1 37. h4 Qc7+ 38. Kg2 Qd6 39. g5 Nf5 40. Qxf6+ Qxf6 41. gxf6+ Kxf6 42. Bb7 Nxh4+ 43. Kf1 Nf5 44. Bxa6 Nd6 45. Ke2 Ke5 46. Kd3 g5 47. Ke3 f5 48. Kd3 f4 49. f3 Kd5 50. Kc3 Ke5 51. Kd3 Kf5 52. Kd4 g4 53. fxg4+ Kxg4 54. Kd5 Nf5 55. Bxb5 f3 56. Ke4 Nd6+ 57. Ke3 Nxb5 58. Kf2 Kf4 59. Ke1 Ke3 60. Kf1 Nc3 61. Ke1 Nb5 62. Kf1 f2 63. Kg2 Ke2 64. Kg3 f1=Q 65. Kg4 Qb1 66. Kg5 Qxb4 67. Kf6 Qd2 68. Ke7 Ke3 69. Ke6 Qd3 70. Ke5 Qd2 71. Kf5 Qb4 72. Ke5 Qc5+ 73. Ke6 Ke4 74. Kf6 Qc6+ 75. Ke7 Ke5 76. Kf7 Qb7+ 77. Kg8 Kf6 78. Kh8 Qg7# 0-1


[Site "https://www.chess.com"]

[Event "Early Titled Tuesday Blitz | February 8 2022"]
[White "Loy, Konstantin"]
[Black "Thomas, Anysia"]
[WhiteFideId "14122499"]
[BlackFideId "670472"]
[WhiteElo "2084"]
[BlackElo "2002"]
[Result "1/2-1/2"]
[Round "05"]
[TimeControl "180+1"]
[Date "2022.02.08"]
[WhiteClock "0:00:04"]
[BlackClock "0:00:10"]

1. e4 c5 2. Nf3 g6 3. d4 cxd4 4. Nxd4 Nc6 5. Nc3 Bg7 6. Be3 Nf6 7. Bc4 O-O 8. Bb3 d6 9. f3 Qa5 10. h4 h5 11. Qd2 a6 12. O-O-O Bd7 13. Kb1 Rfe8 14. Nde2 b5 15. Nf4 Ne5 16. Nfd5 Nxd5 17. Nxd5 Qxd2 18. Rxd2 Rac8 19. Nb6 Rc7 20. Nxd7 Rxd7 21. Rhd1 Nc4 22. Bxc4 bxc4 23. Bd4 Bh6 24. Re2 Rb7 25. Bc3 Reb8 26. Rd5 Rb5 27. Rxb5 axb5 28. a3 Bf4 29. e5 Rb7 30. exd6 Bxd6 31. Be5 Bc5 32. Rd2 f6 33. Bg3 Kf7 34. c3 Be3 35. Rd5 Ke6 36. Rd1 Kf7 37. Kc2 Bc5 38. Rd5 Ke6 39. Rxc5 Kf7 40. Rc7 Rb6 41. Rd7 Re6 42. Rd2 g5 43. hxg5 fxg5 44. b3 Kg6 45. bxc4 bxc4 46. Bf2 Kf5 47. Bc5 g4 48. fxg4+ Kxg4 49. Rd4+ Kg3 50. Rxc4 h4 51. Bf2+ Kxf2 52. Rxh4 Kxg2 53. a4 Kf3 54. a5 Ke3 55. Ra4 Ra6 56. Kb3 e5 57. Kb4 Kd3 58. c4 e4 59. Kb5 Ra8 60. Ra3+ Kd4 61. a6 Rb8+ 62. Kc6 Kxc4 63. Kc7 Rh8 64. a7 Kd4 65. Ra4+ Kd3 66. Ra3+ Kd2 67. Ra2+ Kd3 68. a8=Q Rxa8 69. Rxa8 e3 70. Ra3+ Kd2 71. Ra2+ Kd3 72. Kd6 e2 73. Rxe2 Kxe2 1/2-1/2


[Site "https://www.chess.com"]

[Event "Early Titled Tuesday Blitz | February 8 2022"]
[White "Makarian, Rudik"]
[Black "Quintiliano Pinto, Renato R."]
[WhiteFideId "44105681"]
[BlackFideId "2117568"]
[WhiteElo "2486"]
[BlackElo "2439"]
[Result "1-0"]
[Round "05"]
[TimeControl "180+1"]
[Date "2022.02.08"]
[WhiteClock "0:00:42"]
[BlackClock "0:00:18"]

1. Nf3 Nf6 2. g3 d5 3. Bg2 c6 4. c4 Bg4 5. O-O e6 6. d3 Be7 7. b3 O-O 8. Bb2 Nbd7 9. h3 Bh5 10. Nbd2 a5 11. a3 Nc5 12. Bc3 Nfd7 13. b4 axb4 14. axb4 Na6 15. Qb3 Bf6 16. g4 Bg6 17. e4 Bxc3 18. Qxc3 Qe7 19. Rab1 dxe4 20. dxe4 e5 21. c5 Nc7 22. Qb2 Nb5 23. Rfe1 Rfd8 24. Nc4 f6 25. Bf1 Bf7 26. Rbd1 Nf8 27. Nb6 Ra2 28. Qc1 Nd4 29. Nxd4 exd4 30. Bc4 Bxc4 31. Qxc4+ Qf7 32. Qxf7+ Kxf7 33. Nc4 Ne6 34. Nd6+ Kf8 35. e5 Ng5 36. Kg2 fxe5 37. Rxe5 h6 38. Rxd4 Kg8 39. Rf4 Nh7 40. Re7 Nf6 41. Rxb7 Rda8 42. b5 Rc2 43. Rc4 Rxc4 44. Nxc4 cxb5 45. Nb6 Ra2 46. c6 Ne8 47. c7 Nxc7 48. Rxc7 Rb2 49. Nd5 b4 50. Ne7+ Kf8 51. Nf5 b3 52. Rxg7 1-0


[Site "https://www.chess.com"]

[Event "Early Titled Tuesday Blitz | February 8 2022"]
[White "Maksimenko, Viktor"]
[Black "Kushagra, Mohan"]
[WhiteFideId "13710478"]
[BlackFideId "25033638"]
[WhiteElo "2269"]
[BlackElo "1886"]
[Result "0-1"]
[Round "05"]
[TimeControl "180+1"]
[Date "2022.02.08"]
[WhiteClock "0:00:02"]
[BlackClock "0:01:29"]

1. e4 c6 2. Nf3 d5 3. Nc3 dxe4 4. Nxe4 Nf6 5. Qe2 Nxe4 6. Qxe4 Qa5 7. b4 Qf5 8. Qe3 Qe6 9. Bb2 f6 10. Be2 Qxe3 11. fxe3 e5 12. O-O Bxb4 13. a3 Bd6 14. Nh4 Be6 15. Nf5 Bxf5 16. Rxf5 Nd7 17. Rb1 O-O-O 18. d4 Rhe8 19. Rf2 Nb6 20. c4 Na4 21. Ba1 exd4 22. exd4 Re3 23. c5 Bc7 24. Rb4 Rxa3 25. Bb2 Ra2 26. Bc1 Nc3 27. Bg4+ Kb8 28. Rf1 Ne2+ 29. Bxe2 Rxe2 30. Rd1 Rde8 31. Kf1 Bxh2 0-1


[Site "https://www.chess.com"]

[Event "Early Titled Tuesday Blitz | February 8 2022"]
[White "Maltsevskaya, Aleksandra"]
[Black "Mirzanurov, Bulat"]
[WhiteFideId "24174041"]
[BlackFideId "4184521"]
[WhiteElo "2283"]
[BlackElo "2116"]
[Result "0-1"]
[Round "05"]
[TimeControl "180+1"]
[Date "2022.02.08"]
[WhiteClock "0:00:04"]
[BlackClock "0:00:08"]

1. d4 d5 2. Nf3 Nf6 3. c4 dxc4 4. e3 e6 5. Bxc4 a6 6. a3 c5 7. O-O b5 8. Ba2 Bb7 9. Nc3 Nbd7 10. Qe2 Be7 11. Rd1 Qc7 12. d5 exd5 13. e4 dxe4 14. Ng5 O-O 15. Ncxe4 h6 16. Nxf7 Rxf7 17. Bxf7+ Kxf7 18. Ng3 Re8 19. Be3 Kg8 20. Rac1 Qc6 21. f3 Bf8 22. Qd2 Ne5 23. Nf1 c4 24. Qf2 Qe6 25. Rb1 Qf5 26. b3 cxb3 27. Rxb3 Kh8 28. Rc3 Nc4 29. Bd4 Nd5 0-1


[Site "https://www.chess.com"]

[Event "Early Titled Tuesday Blitz | February 8 2022"]
[White "Manelyuk, Daniil"]
[Black "Jakubowski, Krzysztof"]
[WhiteFideId "44173920"]
[BlackFideId "1112848"]
[WhiteElo "2222"]
[BlackElo "2365"]
[Result "0-1"]
[Round "05"]
[TimeControl "180+1"]
[Date "2022.02.08"]
[WhiteClock "0:00:24"]
[BlackClock "0:00:10"]

1. e4 c5 2. Nf3 d6 3. d4 cxd4 4. Nxd4 Nf6 5. Nc3 a6 6. f3 e5 7. Nb3 Be6 8. Be3 Nbd7 9. Qd2 Be7 10. g4 O-O 11. O-O-O b5 12. g5 b4 13. Ne2 Ne8 14. f4 a5 15. f5 a4 16. Nbd4 exd4 17. Nxd4 b3 18. Kb1 bxc2+ 19. Nxc2 Bb3 20. axb3 axb3 21. Na3 Ra5 22. h4 Qa8 23. Qb4 Nc7 24. f6 Rb8 25. Qc3 Bd8 26. Bc4 Ne5 27. Bd5 Nxd5 28. exd5 Rxa3 29. bxa3 Qxa3 30. Qb2 Qa4 31. Rd4 Nc4 32. Re4 Nxb2 33. Rxa4 Nxa4 34. Bd4 Bb6 35. Rd1 h5 36. Bxb6 Nc3+ 37. Kc1 Nxd1 38. Bc7 b2+ 39. Kxd1 b1=Q+ 40. Kd2 Rb3 41. Ba5 Qd3+ 42. Kc1 Rb1# 0-1


[Site "https://www.chess.com"]

[Event "Early Titled Tuesday Blitz | February 8 2022"]
[White "Manukyan, Artyom"]
[Black "Shukhman, Anna"]
[WhiteFideId "13305786"]
[BlackFideId "54180058"]
[WhiteElo "2034"]
[BlackElo "1628"]
[Result "1-0"]
[Round "05"]
[TimeControl "180+1"]
[Date "2022.02.08"]
[WhiteClock "0:01:27"]
[BlackClock "0:00:17"]

1. b3 Nf6 2. Bb2 d5 3. Nf3 c6 4. g3 g6 5. Bg2 Bg7 6. O-O O-O 7. d3 Nbd7 8. Nbd2 a5 9. a3 Nh5 10. Bxg7 Nxg7 11. e4 dxe4 12. Nxe4 Nf6 13. Nxf6+ exf6 14. Re1 Nf5 15. a4 Be6 16. Qd2 Re8 17. Qc3 Kg7 18. g4 Ne7 19. g5 Nd5 20. Qd4 Kg8 21. h4 fxg5 22. hxg5 Nb4 23. Qc3 Qc7 24. Re5 Bd5 25. Rae1 Rxe5 26. Nxe5 Bxg2 27. Kxg2 Re8 28. Nxg6 fxg6 29. Rxe8+ Kf7 30. Qh8 Qd6 31. Qg8# 1-0


[Site "https://www.chess.com"]

[Event "Early Titled Tuesday Blitz | February 8 2022"]
[White "Marcziter, Dmitrii"]
[Black "Reprintsev, Alexander"]
[WhiteFideId "13900765"]
[BlackFideId "14100541"]
[WhiteElo "2155"]
[BlackElo "2126"]
[Result "0-1"]
[Round "05"]
[TimeControl "180+1"]
[Date "2022.02.08"]
[WhiteClock "0:00:11"]
[BlackClock "0:00:10"]

1. d4 d5 2. Nf3 Nc6 3. c4 e5 4. dxe5 d4 5. g3 Nge7 6. Bg2 Ng6 7. a3 Ngxe5 8. Nbd2 Nxf3+ 9. Nxf3 a5 10. O-O Be7 11. e3 dxe3 12. Bxe3 O-O 13. Qc2 Qd6 14. Rad1 Qg6 15. Qe2 Bf6 16. Nd4 Bg4 17. f3 Bd7 18. Nb5 Rad8 19. Nxc7 Ne5 20. Nd5 Bc6 21. f4 Ng4 22. Bc5 Rfe8 23. Qd2 a4 24. Rfe1 Rxe1+ 25. Rxe1 h5 26. h3 Nh6 27. Qf2 Kh7 28. Bb6 Rc8 29. Bd4 Bxd4 30. Qxd4 Qxg3 31. Re3 Qh4 32. Ne7 Re8 33. Bxc6 bxc6 34. Qe4+ f5 35. Qe5 Qf6 36. Kg2 Qf7 37. c5 Rf8 38. Nxc6 Qg6+ 39. Kh2 Qxc6 40. Rg3 Rf7 41. Qd4 Qb7 42. Qc4 Qxb2+ 43. Rg2 Qf6 44. Qxa4 Rc7 45. Qb4 Qc6 46. Rc2 Ng8 47. Qd4 Nf6 48. Qe5 Qf3 49. Qxf5+ Kh8 50. Rd2 Re7 51. Rd8+ Ng8 52. Qg6 Re2+ 53. Kg1 Qf2+ 54. Kh1 Re1+ 0-1


[Site "https://www.chess.com"]

[Event "Early Titled Tuesday Blitz | February 8 2022"]
[White "Martin Duque, Jesus"]
[Black "Rudzinska, Michalina"]
[WhiteFideId "2208954"]
[BlackFideId "1172883"]
[WhiteElo "2243"]
[BlackElo "1904"]
[Result "1-0"]
[Round "05"]
[TimeControl "180+1"]
[Date "2022.02.08"]
[WhiteClock "0:00:19"]
[BlackClock "0:00:03"]

1. d4 b5 2. e4 a6 3. Bd3 Bb7 4. Qe2 e6 5. Nf3 c5 6. c3 d6 7. a4 c4 8. Bc2 g6 9. h4 h6 10. h5 g5 11. O-O Bg7 12. Nh2 Nf6 13. f4 gxf4 14. Bxf4 Qe7 15. Nd2 Nbd7 16. axb5 axb5 17. Rxa8+ Bxa8 18. Ra1 O-O 19. Qe3 Nxh5 20. Bxh6 Qf6 21. Bg5 Qg6 22. Ra7 f6 23. Bh4 Rd8 24. Qf3 Nf8 25. Ng4 f5 26. Bxd8 fxg4 27. Qd1 Qh6 28. Rxa8 g3 29. Nf1 Kh7 30. e5+ Ng6 31. Qg4 Nf4 32. Bg5 Ne2+ 33. Qxe2 Qxg5 34. exd6 Kh6 35. Bxg6 Qxg6 36. d7 Bf6 37. d8=Q Bxd8 38. Rxd8 b4 39. cxb4 Qb1 40. Qe3+ Kg6 41. Qxe6+ Kg5 42. Rg8+ Kh5 43. Qh3# 1-0


[Site "https://www.chess.com"]

[Event "Early Titled Tuesday Blitz | February 8 2022"]
[White "Martinez Alcantara, Jose Eduardo"]
[Black "FGHSMN"]
[WhiteFideId "3805662"]
[WhiteElo "2690"]
[BlackElo "2772"]
[Result "1-0"]
[Round "05"]
[TimeControl "180+1"]
[Date "2022.02.08"]
[WhiteClock "0:00:05"]
[BlackClock "0:00:02"]

1. e4 c5 2. Nf3 e6 3. c3 d5 4. exd5 Qxd5 5. d4 Nf6 6. Be3 Nc6 7. Na3 cxd4 8. Nb5 Qd8 9. Nbxd4 Nxd4 10. Bxd4 Be7 11. Bd3 O-O 12. Qe2 Qa5 13. Ne5 Qc7 14. O-O Bc5 15. Bxc5 Qxc5 16. Rfe1 b6 17. Qf3 Rb8 18. Qh3 h6 19. Re3 Nd7 20. Ng4 Qg5 21. f4 Qxf4 22. Rf1 Qg5 23. Rg3 Kh8 24. Kh1 Qd2 25. Re3 Bb7 26. Kg1 f5 27. Nxh6 Qxg2+ 28. Qxg2 Bxg2 29. Kxg2 gxh6 30. Rxe6 Nc5 31. Rxh6+ Kg7 32. Rh3 Rbd8 33. Rg3+ Kh6 34. Rxf5 Rxf5 35. Bxf5 Rd2+ 36. Kh3 Rxb2 37. a3 Ra2 38. Rg2 Rxa3 39. Kh4 Ra4+ 40. Kh3 Rc4 41. Rg6+ Kh5 42. Rg3 Kh6 43. Re3 a5 44. Bb1 Kg5 45. Kg3 Rg4+ 46. Kf3 Rf4+ 47. Kg3 Rg4+ 48. Kf3 Rf4+ 49. Kg2 Rg4+ 50. Kf2 Rf4+ 51. Ke2 a4 52. Rg3+ Kh4 53. Rg6 Kh3 54. Rxb6 Kxh2 55. Rb5 Nb3 56. Ke3 Rf1 57. Be4 Rc1 58. Kf2 Kh3 59. Bf3 Rc2+ 60. Be2 Rxe2+ 61. Kxe2 1-0


[Site "https://www.chess.com"]

[Event "Early Titled Tuesday Blitz | February 8 2022"]
[White "Martinez Lopez, David"]
[Black "Le Ruyet, Leopold"]
[WhiteFideId "22235779"]
[BlackFideId "645923"]
[WhiteElo "2404"]
[BlackElo "2276"]
[Result "0-1"]
[Round "05"]
[TimeControl "180+1"]
[Date "2022.02.08"]
[WhiteClock "0:00:15"]
[BlackClock "0:00:52"]

1. e4 e6 2. d4 d5 3. e5 c5 4. c3 Nc6 5. Nf3 Bd7 6. Be2 Qc7 7. O-O f6 8. Bf4 fxe5 9. Nxe5 Bd6 10. Nxd7 Qxd7 11. Bxd6 Qxd6 12. dxc5 Qxc5 13. Bg4 e5 14. Be6 Nf6 15. c4 d4 16. Nd2 Qe7 17. Bd5 Rd8 18. Be4 O-O 19. f3 Nh5 20. g3 Qg5 21. Kh1 Nxg3+ 22. hxg3 Qxg3 23. Qe2 Rf6 24. Qg2 Qf4 25. Rg1 Rh6+ 0-1


[Site "https://www.chess.com"]

[Event "Early Titled Tuesday Blitz | February 8 2022"]
[White "Martinovici, Ilia"]
[Black "Gupta, Abhijeet"]
[WhiteFideId "13907034"]
[BlackFideId "5010608"]
[WhiteElo "2303"]
[BlackElo "2549"]
[Result "0-1"]
[Round "05"]
[TimeControl "180+1"]
[Date "2022.02.08"]
[WhiteClock "0:00:05"]
[BlackClock "0:00:27"]

1. d4 d5 2. c4 Nc6 3. e3 e5 4. dxe5 d4 5. exd4 Qxd4 6. Qxd4 Nxd4 7. Bd3 Ne7 8. Ne2 Bf5 9. Nxd4 Bxd3 10. Nb5 O-O-O 11. Nxa7+ Kb8 12. Nb5 Nc6 13. Bg5 f6 14. exf6 gxf6 15. Bxf6 Bb4+ 16. N5c3 Rhe8+ 17. Kd2 Rd6 18. a3 Re2+ 19. Kc1 Rc2+ 20. Kd1 Bxc3 21. Bxc3 Rxf2 22. Nd2 Rxg2 23. Re1 b6 24. Kc1 Rxh2 25. b4 Rg2 26. b5 Nd4 27. Bxd4 Rxd4 28. a4 Bxc4 29. Nf3 Rd3 30. Re8+ Kb7 31. Ne1 Rc3+ 32. Kb1 Rd2 33. a5 Rd1+ 34. Kb2 Rb3+ 35. Kc2 Rxa1 36. a6+ Ka7 37. Rc8 Ra2+ 38. Kc1 Bxb5 39. Rxc7+ Kxa6 0-1


[Site "https://www.chess.com"]

[Event "Early Titled Tuesday Blitz | February 8 2022"]
[White "Martirosyan, Haik M."]
[Black "Bernadskiy, Vitaliy"]
[WhiteFideId "13306553"]
[BlackFideId "14100371"]
[WhiteElo "2735"]
[BlackElo "2473"]
[Result "1-0"]
[Round "05"]
[TimeControl "180+1"]
[Date "2022.02.08"]
[WhiteClock "0:01:21"]
[BlackClock "0:00:06"]

1. c4 e6 2. Nc3 Ne7 3. d4 d5 4. Nf3 Nbc6 5. Bg5 h6 6. Bh4 dxc4 7. e3 Na5 8. Bxc4 Nxc4 9. Qa4+ c6 10. Qxc4 Qb6 11. O-O Nf5 12. Bg3 Nxg3 13. fxg3 Be7 14. Rf2 O-O 15. Raf1 Bd7 16. Ne5 Be8 17. Ng6 Qb4 18. Qxb4 Bxb4 19. Nxf8 Bxf8 20. Rc1 Rd8 21. Rd2 c5 22. Ne4 cxd4 23. Rxd4 Rxd4 24. exd4 Bc6 25. Nc3 g6 26. g4 Bg7 27. Rd1 Kf8 28. Kf2 Ke7 29. g3 Kd6 30. Ke3 b6 31. a3 Ke7 32. b4 Kd6 33. Rf1 Ke7 34. Rc1 Kd7 35. h4 h5 36. g5 f5 37. Ne2 e5 38. dxe5 Bxe5 39. Nf4 Bb2 40. Rd1+ 1-0


[Site "https://www.chess.com"]

[Event "Early Titled Tuesday Blitz | February 8 2022"]
[White "Matlakov, Maxim"]
[Black "Gabrielian, Artur"]
[WhiteFideId "4168003"]
[BlackFideId "4131002"]
[WhiteElo "2661"]
[BlackElo "2440"]
[Result "0-1"]
[Round "05"]
[TimeControl "180+1"]
[Date "2022.02.08"]
[WhiteClock "0:00:06"]
[BlackClock "0:00:15"]

1. Nf3 Nf6 2. g3 g6 3. Bg2 Bg7 4. O-O O-O 5. d4 d5 6. c3 c6 7. Bf4 a5 8. Nbd2 a4 9. Re1 Bf5 10. Nh4 Be6 11. e4 dxe4 12. Nxe4 Nxe4 13. Bxe4 Nd7 14. Nf3 Bd5 15. Bxd5 cxd5 16. a3 e6 17. h4 h5 18. Qd3 Qb6 19. Re2 Qc6 20. Rae1 Rae8 21. Ne5 Nxe5 22. Bxe5 Bxe5 23. Rxe5 Kg7 24. Rg5 Qd7 25. Rge5 f6 26. R5e3 Re7 27. c4 Rfe8 28. c5 e5 29. f3 Qh3 30. f4 e4 31. Qb5 Qd7 32. Qxd7 Rxd7 33. Kf2 g5 34. fxg5 fxg5 35. hxg5 Rf7+ 36. Kg2 Ref8 37. R1e2 Kg6 38. b4 axb3 39. Rxb3 Kxg5 40. Reb2 h4 41. Rxb7 hxg3 42. Rxf7 Rxf7 43. c6 Rc7 44. Rc2 Kf4 45. a4 Ke3 46. a5 Kd3 47. Rc1 Kd2 48. Ra1 e3 49. Ra2+ Kd3 50. Kxg3 Rg7+ 51. Kf3 Rf7+ 52. Kg3 e2 53. Ra1 Rf1 54. Ra3+ Kxd4 55. Ra4+ Ke5 0-1


[Site "https://www.chess.com"]

[Event "Early Titled Tuesday Blitz | February 8 2022"]
[White "Mayaud, Raphael"]
[Black "Mamontova, Anastasia"]
[WhiteFideId "627151"]
[BlackFideId "34100234"]
[WhiteElo "2191"]
[BlackElo "1933"]
[Result "1-0"]
[Round "05"]
[TimeControl "180+1"]
[Date "2022.02.08"]
[WhiteClock "0:00:12"]
[BlackClock "0:00:12"]

1. d4 Nf6 2. Bg5 Ne4 3. Bf4 g5 4. Be5 f6 5. e3 h5 6. Be2 g4 7. Bf4 d5 8. f3 e5 9. dxe5 fxe5 10. Bxe5 Nf6 11. Nc3 c6 12. e4 Nbd7 13. Bd4 dxe4 14. Nxe4 Nxe4 15. fxe4 Rh6 16. Qd3 Rd6 17. Qc3 Re6 18. O-O-O Rxe4 19. Bd3 Re6 20. Kb1 Qe7 21. Ne2 c5 22. Bf2 Nb6 23. Nf4 Rf6 24. Rhe1 Be6 25. Bxc5 Qxc5 26. Qxc5 Bxc5 27. Nxe6 Rxe6 28. Rxe6+ Kd7 29. Bf5+ Kc7 30. Rf6 Re8 31. a3 a6 32. Bd3 Be7 33. Rf7 Kc6 34. Re1 Nd5 35. Bc4 Rf8 36. Rxf8 Bxf8 37. Bxd5+ Kxd5 38. Re8 Bd6 39. Rh8 Ke4 40. Rxh5 Ke3 41. Rh4 Kf4 42. h3 Kg3 43. Rxg4+ Kf2 44. b4 b6 45. Ka2 a5 46. Kb3 axb4 47. axb4 Bc7 48. c4 Bd8 49. c5 bxc5 50. bxc5 Bc7 51. Kc4 Ke3 52. Kd5 Kf2 53. Kc6 Bf4 54. Kd7 Bg3 55. c6 Be5 56. c7 1-0


[Site "https://www.chess.com"]

[Event "Early Titled Tuesday Blitz | February 8 2022"]
[White "Mekhitarian, Krikor Sevag"]
[Black "Shimelkov, Vasiliy"]
[WhiteFideId "2107660"]
[BlackFideId "13701630"]
[WhiteElo "2598"]
[BlackElo "2073"]
[Result "1-0"]
[Round "05"]
[TimeControl "180+1"]
[Date "2022.02.08"]
[WhiteClock "0:00:04"]
[BlackClock "0:00:10"]

1. e4 c5 2. Nf3 Nc6 3. Bb5 e6 4. O-O Nge7 5. c3 a6 6. Ba4 b5 7. Bc2 d5 8. Re1 g6 9. a4 Bb7 10. exd5 Nxd5 11. d4 cxd4 12. axb5 axb5 13. Rxa8 Bxa8 14. Nxd4 Na7 15. Bd3 Qb6 16. Qg4 Bc5 17. Bh6 Bxd4 18. cxd4 Nc6 19. Nc3 Nxc3 20. bxc3 Ne7 21. Rb1 Bc6 22. Bg7 Rg8 23. Be5 Kd7 24. Qh4 h5 25. Qf4 Nf5 26. h3 Qa5 27. Rc1 Qa3 28. Qg5 Ra8 29. Kh2 Qb2 30. Bxf5 gxf5 31. Qg7 Ke8 32. Rf1 Qe2 33. Kg1 b4 34. cxb4 Bb5 35. Qh8+ Ke7 36. Qf6+ Ke8 37. Rc1 Ra2 38. Rc8+ Kd7 39. Qd8# 1-0


[Site "https://www.chess.com"]

[Event "Early Titled Tuesday Blitz | February 8 2022"]
[White "Minina, Veronika"]
[Black "Pniaczek, Marek"]
[WhiteFideId "4174780"]
[BlackFideId "21800421"]
[WhiteElo "1850"]
[BlackElo "2138"]
[Result "1-0"]
[Round "05"]
[TimeControl "180+1"]
[Date "2022.02.08"]
[WhiteClock "0:00:55"]
[BlackClock "0:00:33"]

1. Nf3 g6 2. g3 Bg7 3. Bg2 b6 4. O-O Bb7 5. c4 d6 6. Nc3 Nd7 7. b3 e6 8. Bb2 Ne7 9. Qc2 O-O 10. Nb5 e5 11. Rad1 h6 12. Rfe1 f5 13. Nxe5 Bxg2 14. Nxd7 Qxd7 15. Kxg2 f4 16. Bxg7 Kxg7 17. Qc3+ Kh7 18. Nd4 c5 19. Nf3 Nf5 20. d4 fxg3 21. hxg3 cxd4 22. Nxd4 Qb7+ 23. Nf3 Rae8 24. Qd3 Re4 25. Rh1 Qe7 26. Ng5+ Qxg5 27. Qxe4 Rf7 28. Rd5 Re7 29. Qd3 h5 30. e4 Qg4 31. exf5 Re2 32. fxg6+ Kg8 33. Rdxh5 1-0


[Site "https://www.chess.com"]

[Event "Early Titled Tuesday Blitz | February 8 2022"]
[White "Mirzoev, Azer"]
[Black "Berdychevskaya, Natasha"]
[WhiteFideId "13400304"]
[BlackFideId "4159322"]
[WhiteElo "2525"]
[BlackElo "1780"]
[Result "1-0"]
[Round "05"]
[TimeControl "180+1"]
[Date "2022.02.08"]
[WhiteClock "0:00:59"]
[BlackClock "0:01:03"]

1. c4 Nf6 2. Nc3 c5 3. g3 e6 4. Bg2 d5 5. cxd5 Nxd5 6. Nf3 Nc6 7. O-O Be7 8. Nxd5 exd5 9. d4 O-O 10. dxc5 Bxc5 11. Bg5 f6 12. Bf4 Be6 13. Rc1 Qb6 14. a3 Rad8 15. Qc2 Be7 16. Rfd1 d4 17. Re1 Bb3 18. Qd3 Bd6 19. Bxd6 Rxd6 20. h4 Ne5 21. Nxe5 fxe5 22. Qe4 Bd5 23. Qxe5 Bxg2 24. Kxg2 d3 25. exd3 Qxf2+ 26. Kh3 Rxd3 27. Rc7 Qf3 28. Qxg7# 1-0


[Site "https://www.chess.com"]

[Event "Early Titled Tuesday Blitz | February 8 2022"]
[White "Miszler, Levente"]
[Black "Hartikainen, Jarmo"]
[WhiteFideId "763276"]
[BlackFideId "503134"]
[WhiteElo "1966"]
[BlackElo "2108"]
[Result "1-0"]
[Round "05"]
[TimeControl "180+1"]
[Date "2022.02.08"]
[WhiteClock "0:01:38"]
[BlackClock "0:00:03"]

1. d4 Nf6 2. Bg5 Ne4 3. Bf4 d5 4. Nf3 c5 5. e3 Nc6 6. Nbd2 cxd4 7. exd4 Bg4 8. Be2 e6 9. c3 Nxd2 10. Qxd2 Bd6 11. h3 Bh5 12. Ne5 Bxe2 13. Qxe2 O-O 14. O-O Qe7 15. Rad1 Rae8 16. Rd3 f6 17. Nxc6 bxc6 18. Bxd6 Qxd6 19. Re3 e5 20. dxe5 fxe5 21. Re1 e4 22. Qg4 Qc5 23. R1e2 d4 24. cxd4 Qxd4 25. Rxe4 Rxe4 26. Qxe4 Qxe4 27. Rxe4 Kf7 28. Rc4 Rc8 29. f4 Ke6 30. Rd4 c5 31. Ra4 Rc7 32. Kf2 Kd5 33. Ke3 c4 34. Ra5+ Kc6 35. Kd4 Kb6 36. Rd5 1-0


[Site "https://www.chess.com"]

[Event "Early Titled Tuesday Blitz | February 8 2022"]
[White "Molina, Roberto Junio Brito"]
[Black "Aradhya, Garg"]
[WhiteFideId "2109450"]
[BlackFideId "25006746"]
[WhiteElo "2402"]
[BlackElo "2169"]
[Result "0-1"]
[Round "05"]
[TimeControl "180+1"]
[Date "2022.02.08"]
[WhiteClock "0:00:41"]
[BlackClock "0:00:29"]

1. d4 d5 2. e3 Nf6 3. Nf3 c5 4. c3 Nc6 5. Nbd2 e6 6. Bd3 Be7 7. O-O O-O 8. dxc5 a5 9. e4 Bxc5 10. Qe2 Bb6 11. a4 h6 12. h3 Nh5 13. Nb3 Ng3 14. Qe1 Nxf1 15. Kxf1 Qc7 16. e5 f6 17. Bf4 fxe5 18. Bg3 Qf7 19. Bxe5 Nxe5 20. Qxe5 Bc7 21. Qe2 e5 22. Ng1 Bb6 23. f3 e4 24. Bb5 exf3 25. Nxf3 Bxh3 26. Nd2 Bg4 27. Re1 Qh5 28. Qe5 Qh1+ 29. Ke2 Qxg2+ 30. Kd3 Bf5+ 0-1


[Site "https://www.chess.com"]

[Event "Early Titled Tuesday Blitz | February 8 2022"]
[White "Muradov, Soltan"]
[Black "Avazkhonov, Alikhon"]
[WhiteFideId "14002108"]
[BlackFideId "14208504"]
[WhiteElo "1854"]
[BlackElo "1739"]
[Result "1-0"]
[Round "05"]
[TimeControl "180+1"]
[Date "2022.02.08"]
[WhiteClock "0:01:28"]
[BlackClock "0:00:31"]

1. c4 e6 2. Nf3 d5 3. e3 Nf6 4. b3 c5 5. Bb2 Be7 6. cxd5 exd5 7. d4 Nc6 8. Nc3 O-O 9. Be2 cxd4 10. Nxd4 Qb6 11. Nxc6 bxc6 12. O-O Rd8 13. Qd2 Ne4 14. Nxe4 dxe4 15. Qc2 Bf5 16. Rac1 Rac8 17. h3 c5 18. Rfd1 h6 19. Bc4 Qg6 20. Kh1 Rxd1+ 21. Rxd1 Rd8 22. Rxd8+ Bxd8 23. Qd1 Bc7 24. Qd5 Qd6 25. Qxf7+ 1-0


[Site "https://www.chess.com"]

[Event "Early Titled Tuesday Blitz | February 8 2022"]
[White "Namitbir Singh Walia"]
[Black "Al-Tarboush, Ward"]
[WhiteFideId "35071068"]
[BlackFideId "7601450"]
[WhiteElo "1479"]
[BlackElo "2276"]
[Result "1-0"]
[Round "05"]
[TimeControl "180+1"]
[Date "2022.02.08"]
[WhiteClock "0:00:17"]
[BlackClock "0:00:05"]

1. d4 d5 2. c4 c6 3. Nf3 Nf6 4. g3 g6 5. Bg2 Bg7 6. cxd5 cxd5 7. Nc3 O-O 8. Ne5 Nc6 9. Nxc6 bxc6 10. O-O Bf5 11. b3 Qd7 12. Ba3 Rfe8 13. Rc1 Bh3 14. Na4 Bxg2 15. Kxg2 Ne4 16. Nc5 Qf5 17. Qd3 e5 18. dxe5 Qxe5 19. Nxe4 dxe4 20. Qe3 Qe6 21. Rfd1 Bf8 22. Bb2 f6 23. Qc3 e3 24. Qxf6 Qxf6 25. Bxf6 exf2 26. Kxf2 Ba3 27. Rxc6 Rf8 28. Rd7 Rf7 29. Rxf7 Kxf7 30. Bd4 a5 31. Rc7+ Ke6 32. Rxh7 Kd5 33. e3 Rc8 34. Kf3 Rc2 35. Rh6 Rxa2 36. Rxg6 Bb4 37. Rg5+ Ke6 38. h4 Ra3 39. h5 Bf8 40. Bg7 Bxg7 41. Rxg7 Rxb3 42. Ra7 Rb5 43. g4 Kf6 44. Kf4 Rc5 45. e4 Rb5 46. g5+ Ke6 47. h6 Rb1 48. Rxa5 Rh1 49. Ra7 Rh4+ 50. Kg3 Rh1 51. Kg4 Rh2 52. Rg7 Ke5 53. Re7+ Kd6 54. Re8 Kd7 55. Re5 Kd6 56. Rf5 Ke6 57. Rf6+ Ke5 58. Rf5+ Ke6 59. Rf8 Ke7 60. Rf6 Rh1 61. Kf5 Ke8 62. Kg6 Rh2 63. Kg7 Ke7 64. h7 Rh5 65. g6 Rh1 66. Rf7+ Ke6 67. h8=Q Rxh8 68. Kxh8 Ke5 69. Kg8 Kxe4 70. Kf8 Ke5 71. g7 Ke6 72. g8=Q Ke5 73. Qg6 Kd4 74. Rf5 Ke3 75. Qg4 Kd2 76. Rf3 Ke1 77. Qg2 1-0


[Site "https://www.chess.com"]